 Dungeon Crawl Stone Soup version 0.31-a0-431-g88bdf31460 (webtiles) character file.

Game seed: 9406984430357164089

103 randomguy2701 the Covered (level 4, -1/40 HPs)
             Began as a Minotaur Fighter on July 31, 2023.
             Slain by a gnoll
             ... wielding a +1 halberd of venom
              (8 damage)
             ... on level 3 of the Dungeon.
             The game lasted 00:01:41 (1647 turns).

randomguy2701 the Covered (Minotaur Fighter)        Turns: 1647, Time: 00:01:41

Health: -1/40      AC:  7    Str: 21    XL:     4   Next: 51%
Magic:  3/3        EV: 10    Int:  5    God:
Gold:   130        SH:  4    Dex: 11    Spells: 3/3 levels left

rFire   . . .        a - +0 war axe
rCold   . . .        c - +0 buckler
rNeg    . . .        b - +0 scale mail
rPois   .            (helmet restricted)
rElec   .            (no cloak)
rCorr   .            (no gloves)
SInv    .            (no boots)
Will    .....        (no amulet) Stlth
                     (no ring)
HPRegen 0.26/turn    (no ring)
MPRegen 0.08/turn

%: no passive effects
@: lethally poisoned (-1 -> -16)
A: horns 2, retaliatory headbutt
a: no special abilities


You were on level 3 of the Dungeon.
You visited 1 branch of the dungeon, and saw 3 of its levels.

You collected 130 gold pieces.

Inventory:

Hand Weapons
 a - a +0 war axe (weapon)
Armour
 b - a +0 scale mail (worn)
 c - a +0 buckler (worn)
Jewellery
 f - a ring of protection from cold
 l - a ring of positive energy
 n - a ring of fire
 p - a +4 ring of slaying
Scrolls
 e - a scroll of teleportation {unknown}
 g - a scroll of enchant armour {unknown}
 i - a scroll of immolation {unknown}
 j - a scroll of enchant weapon {unknown}
 k - a scroll of identify {unknown}
 o - a scroll of blinking {unknown}
Potions
 d - a potion of might
 h - a potion of berserk rage {unknown}
 m - a potion of attraction {unknown}
 q - a potion of heal wounds {unknown}


   Skills:
 + Level 4.3 Fighting
 + Level 3.6 Axes
 + Level 4.4 Armour
 + Level 1.5 Dodging
 + Level 4.1 Shields


You had 3 spell levels left.
You didn't know any spells.
Your spell library contained the following spells:

 Spells                   Type           Power      Damage    Failure   Level
 Ensorcelled Hibernation  Hex/Ice        0%         N/A       95%         2
 Passwall                 Tmut/Erth      0%         N/A       95%         2
 Swiftness                Air            0%         N/A       99%         3


Dungeon Overview and Level Annotations

Branches:
Dungeon (3/15)

Altars:


Innate Abilities, Weirdness & Mutations

You have a pair of horns on your head.
You reflexively headbutt those who attack you in melee.


Message History

You slash the gnoll!
The gnoll is almost dead.
You slash the rat!
You kill the rat!
You block the gnoll's attack.
You barely miss the gnoll.
The gnoll is almost dead.
The gnoll hits you with a +0 whip.
You hit the gnoll.
You kill the gnoll!
No target in view!
No target in view!
You climb downwards.
The hobgoblin hits you.
There is a stone staircase leading up here.
You closely miss the hobgoblin.
The hobgoblin hits you but does no damage.
You barely miss the hobgoblin.
The hobgoblin hits you but does no damage.
The hobgoblin barely misses you. You furiously retaliate!
You headbutt the hobgoblin!
You kill the hobgoblin!
The gnoll barely misses you.
You slash the gnoll!
The gnoll is heavily wounded.
The gnoll hits you with a +1 halberd of venom.
You are poisoned.
You barely miss the gnoll.
The gnoll is heavily wounded.
You feel very sick.
The gnoll hits you with a +1 halberd of venom!
You are more poisoned.
The gnoll hits you with a +1 halberd of venom!
* * * LOW HITPOINT WARNING * * *
You are more poisoned.
You hit the gnoll.
The gnoll is almost dead.
* * * LOW HITPOINT WARNING * * *
You feel very sick.
The gnoll hits you with a +1 halberd of venom!
You die...

#######.....
#.......))#
+.........+
#........##
#........#
#....(...#
#........#
#.......g# #
#.......@#.#.#..
#.......<'......
#.......†######.
#........#
##########


You could see a gnoll.

Vanquished Creatures
  3 gnolls
  2 adders (D:2)
  An orc (D:3)
  4 bats (D:1)
  7 endoplasms
  3 giant cockroaches (D:1)
  7 goblins
  6 hobgoblins
  2 kobolds
  2 quokkas
  5 ball pythons (D:1)
  3 frilled lizards
  8 rats
53 creatures vanquished.

Notes
Turn   | Place    | Note
-------+----------+-------------------------------------------
     0 | D:1      | randomguy2701 the Minotaur Fighter began the quest for the
                  | Orb.
     0 | D:1      | Reached XP level 1. HP: 19/19 MP: 0/0
    99 | D:1      | Found a faded altar of an unknown god.
   119 | D:1      | Reached XP level 2. HP: 26/27 MP: 1/1
   443 | D:1      | Reached XP level 3. HP: 31/33 MP: 2/2
  1185 | D:2      | Reached skill level 1 in Dodging
  1490 | D:3      | Reached XP level 4. HP: 40/40 MP: 3/3
  1647 | D:3      | Slain by a gnoll

Illustrated notes

Levels and vault maps discovered:
D:1:      pf_arrival_petrified_forest, layout_loops_ring,
          hellmonk_ecumenical_altar_zigzags
D:2:      layout_basic, serial_rivers, chequers_serial_rivers_micro_a,
          chequers_serial_rivers_micro_d, chequers_serial_rivers_small_b,
          chequers_serial_rivers_small_b, chequers_serial_rivers_room_b,
          minmay_tetromino_l2
D:3:      wad_woods_stonehenge, layout_basic, mainiacjoe_overflow_tiny_flanked,
          lemuel_doored_altar, dreamdust_wishing_well, kennysheep_orc_chapel,
          uniq_crazy_yiuf_cottage

Skill      XL: |  1  2  3 |
---------------+----------+-----
Armour         | 4 |  4.4
Shields        | 4 |  4.1
Fighting       | 4 |  4.3
Axes           | 3 |  3.6
Dodging        | 1 |  1.5

Action                     |  1- 3 |  4- 6 || total
---------------------------+-------+-------++-------
  Melee: War axe           |    81 |    21 ||   102
         Headbutt          |     8 |     2 ||    10
 Armour: Scale mail        |    42 |     7 ||    49
  Dodge: Dodged            |    38 |    10 ||    48
  Block: Buckler           |    15 |     4 ||    19

Table legend: (Time is in decaauts)
 A = Elapsed time spent in this place.
 B = Non-inter-level travel time spent in this place.
 C = Inter-level travel time spent in this place.
 D = Time resting spent in this place.
 E = Time spent auto-exploring this place.
 F = Levels seen in this place.
 G = Mean time per level.
                   A        B        C        D        E       F      G
               +--------+--------+--------+--------+--------+-----+--------+
         Total |   1691 |   1651 |     40 |      0 |   1341 |   3 |  563.7 |
       Dungeon |   1691 |   1651 |     40 |      0 |   1341 |   3 |  563.7 |
               +--------+--------+--------+--------+--------+-----+--------+

Top non-repeatable levels by time:
     D:2: 922 daAuts
     D:1: 729 daAuts
     D:3: 39 daAuts
